AoeStats
← Ulosis

Black Forest

510225297Analyzed
2v2 RM · 24h ago on Sep 30, 2026· 74m 22s· 4 players
Game mode
Random Map
Map size
Medium (4 player)
Population
200
Speed
Normal
Resources
Standard
Victory
Conquest
Starting age
Dark Age
Ending age
Imperial Age
RankedLock teamsTeams togetherTeam positionsShared explorationLock speedFull tech treeHidden civsTurbo modeCheats
Victory
Defeat
🇦🇷 Britons · Argentina
772
+17
🇦🇷 Romans · Argentina
771
+17
🇨🇱 Vikings · Chile
817
-18
🇨🇱 Malay · Chile
776
-16
sauceBoyz'
4:46 Loom
10:47 Feudal Age
13:14 Double-Bit Axe
20:21 Castle Age
18:08 Horse Collar
19:31 Man-at-Arms
20:29 Scale Mail Armor
20:39 Gold Mining
21:47 Loom
22:39 Wheelbarrow
23:08 Gold Shaft Mining
23:54 Bow Saw
25:38 Hand Cart
25:26 Heavy Plow
32:26 Imperial Age
30:52 Ballistics
30:32 Loom
31:09 Caravan
31:02 Long Swordsman
31:45 Squires
33:53 Conscription
34:42 Ballistas
35:42 Stone Mining
35:52 Legionary
35:54 Pikeman
38:31 Crop Rotation
37:49 Halberdier
39:15 Heavy Scorpion
40:23 Comitatenses
41:11 Chemistry
40:26 Town Watch
40:59 Forging
41:05 Chain Mail Armor
49:23 Masonry
49:12 Murder Holes
49:27 Siege Engineers
51:42 Elite Centurion
59:38 Architecture
63:07 Iron Casting
Pola.10
3:41 Loom
11:03 Feudal Age
16:33 Castle Age
15:35 Double-Bit Axe
15:32 Horse Collar
15:50 Fletching
18:15 Town Watch
18:28 Bodkin Arrow
18:34 Padded Archer Armor
24:37 Wheelbarrow
24:08 Stone Mining
27:28 Bow Saw
27:22 Heavy Plow
28:12 Gold Mining
29:57 Gold Shaft Mining
30:28 Hand Cart
30:15 Town Patrol
30:31 Crossbowman
31:38 Yeomen
32:21 Ballistics
31:57 Murder Holes
36:09 Imperial Age
34:07 Leather Archer Armor
38:50 Arbalester
38:57 Cranequins
39:04 Heavy Mounted Crossbowman
39:09 Elite Longbowman
40:48 Warwolf
42:54 Pikeman
43:37 Squires
43:46 Halberdier
44:41 Bracer
45:11 Ring Archer Armor
44:43 Scale Mail Armor
45:54 Gambesons
48:02 Onager
51:48 Light Cavalry
54:06 Conscription
55:31 Chain Mail Armor
55:28 Forging
56:13 Scale Barding Armor
57:49 Warwolf
58:55 Chemistry
63:24 Two-Man Saw
65:30 Masonry
65:01 Treadmill Crane
65:34 Siege Engineers
Ulosis
5:06 Loom
14:11 Feudal Age
13:57 Double-Bit Axe
16:01 Wheelbarrow
15:48 Forging
18:21 Castle Age
18:37 Man-at-Arms
20:18 Long Swordsman
22:35 Scale Barding Armor
22:51 Horse Collar
23:52 Elite Skirmisher
26:22 Husbandry
28:52 Fletching
29:50 Bow Saw
30:47 Thumb Ring
33:48 Iron Casting
38:34 Imperial Age
36:49 Bodkin Arrow
36:55 Padded Archer Armor
39:22 Wheelbarrow
38:54 Forced Levy
39:04 Two-Handed Swordsman
42:17 Blast Furnace
41:40 Squires
41:33 Arson
43:17 Elite Battle Elephant
PABLOSKY
0:40 Loom
14:31 Feudal Age
19:13 Castle Age
18:18 Double-Bit Axe
18:48 Horse Collar
20:15 Stone Mining
27:02 Heavy Plow
26:57 Gold Mining
27:19 Bow Saw
28:04 Fortified Wall
30:02 Gold Shaft Mining
31:22 Masonry
31:02 Treadmill Crane
32:14 Town Watch
35:14 Imperial Age
33:48 Caravan
35:14 Town Patrol
35:57 Forging
35:57 Squires
36:49 Scale Mail Armor
39:10 Chain Mail Armor
39:32 Iron Casting
38:28 Elite Varangian Guard
39:44 Murder Holes
41:29 Conscription
42:25 Onager
44:25 Chemistry
43:45 Ballistics
45:00 Siege Engineers
46:58 Two-Man Saw
46:31 Crop Rotation
47:10 Architecture
47:22 Hoardings
47:50 Elite Berserk
49:34 Blast Furnace
49:07 Plate Mail Armor
71:51 Fletching
Connection lost

Rejoining the realm…

Still unreachable

The connection could not be restored.

Session expired

The server has moved on; the page needs a fresh start.